 Dungeon Crawl Stone Soup version 0.18.1-48-g4cf74bf (webtiles) character file.

24 BDSMove the Scratcher (level 2, 0/12 HPs)
             Began as a Felid Transmuter on July 5, 2016.
             Succumbed to an adder's poison
             ... on level 2 of the Dungeon.
             The game lasted 00:09:11 (1585 turns).

BDSMove the Scratcher (Felid Transmuter)            Turns: 1585, Time: 00:09:11

Health: 0/12       AC:  1    Str:  6    XL:     2   Next: 79%
Magic:  5/6        EV: 18    Int: 14    God:
Gold:   60         SH:  0    Dex: 16    Spells: 1 memorised, 4 levels left
                                        Lives:  0   Deaths: 0

rFire  . . .     SeeInvis +       - Unarmed
rCold  . . .     Gourm    .     (armour unavailable)
rNeg   . . .     Faith    .     (shield unavailable)
rPois  .         Spirit   .     (helmet unavailable)
rElec  .         Dismiss  .     (cloak unavailable)
rCorr  .         Reflect  .     (gloves unavailable)
SustAt .         Harm     .     (boots unavailable)
MR     .....                    (no amulet)
Stlth  ++........               (no ring)
                                (no ring)

@: lethally poisoned (0 -> -16), appendage, quick, not resistant to hostile
enchantments, unstealthy
A: no armour, no weapons or thrown items, claws 1, fangs 3, horns 2, see
invisible, carnivore 3, speed 1, shaggy fur 1, slow metabolism 1, sharp paws
a: End Transformation


You were on level 2 of the Dungeon.
You were not hungry.
You had grown temporary horns.
You visited 1 branch of the dungeon, and saw 2 of its levels.

You collected 60 gold pieces.

Inventory:

Hand Weapons
 d - a +0 dagger
 i - a +0 whip
 n - a +0 dagger
 o - a cursed -2 club
 s - a +0 dagger
Missiles
 a - 12 arrows
 m - 25 stones
 r - 15 bolts
Armour
 k - a +0 chain mail
 l - a +0 ring mail
Jewellery
 g - an uncursed ring of see invisible {unknown}
 h - an uncursed ring of see invisible {unknown}
Scrolls
 e - 2 scrolls of recharging {unknown}
 f - 2 scrolls of identify {unknown}
 j - a scroll of remove curse {unknown}
Potions
 q - a potion of brilliance {unknown}
Books
 b - a book of Changes

   Spells                             Type                      Level
   a - Beastly Appendage              Transmutation                1
   b - Sticks to Snakes               Transmutation                2
   c - Spider Form                    Transmutation/Poison         3
   d - Ice Form                       Ice/Transmutation            4
   e - Blade Hands                    Transmutation                5
Comestibles
 c - a meat ration
 p - a bread ration


   Skills:
 + Level 1.2 Fighting
 + Level 3.2 Dodging
 + Level 1.1 Stealth
 + Level 3.5 Unarmed Combat
 + Level 2.0 Spellcasting
 + Level 2.2 Transmutations


You had 4 spell levels left.
You knew the following spells:

 Your Spells              Type           Power        Failure   Level  Hunger
a - Beastly Appendage     Trmt           #.....       12%         1    ##.....


Dungeon Overview and Level Annotations

Branches:
Dungeon (2/15)

Altars:
Gozag


Innate Abilities, Weirdness & Mutations

You cannot wear armour.
You are incapable of wielding weapons or throwing items.
You have sharp claws.
You have razor-sharp teeth.
You have supernaturally acute eyesight.
You are carnivorous and can eat meat at any time.
You cover ground quickly.
You are covered in fur (AC +1).
You have a slow metabolism.
Your sharp claws are effective at attacking unaware monsters.
You have a pair of horns on your head.


Message History

Found 4 gold pieces.
An adder and a rat come into view.
Your horns disappear.
Found a gold piece.
Found an opulent altar of Gozag.
Found 5 gold pieces.
Found a scroll labeled KOAVOBLAKHLA and 2 gold pieces.
Casting: Beastly Appendage
Confirm with . or Enter, or press ? or * to list all spells.
You grow a pair of large bovine horns.
The adder bites you.
You are poisoned.
The adder poisons you! The rat completely misses you. The adder bites you.
You scratch the adder.
The adder is lightly wounded.
You feel sick. The adder bites you.
* * * LOW HITPOINT WARNING * * *
You are more poisoned.
The adder poisons you!
You closely miss the adder. Your headbutt misses the adder.
The adder is lightly wounded.
You die...

........# ..>.....# ..
........# .# ........#
.# ........##### .# ###
...........<# .# $$.#
.....^..#########.#$_$.#
##.#.#.†...........$$$..
# #..........@r......
##.........S.......
#.#########.#.#### #.#
?..# ..# #### ####


You could see an adder and a rat.

Vanquished Creatures
  An adder (D:2)
  A giant cockroach (D:1)
  4 goblins (D:1)
  5 bats (D:1)
  2 kobolds (D:1)
  3 rats
16 creatures vanquished.

Notes
Turn   | Place    | Note
--------------------------------------------------------------
     0 | D:1      | BDSMove the Felid Transmuter began the quest for the Orb.
     0 | D:1      | Reached XP level 1. HP: 9/9 MP: 4/4
   920 | D:1      | Reached XP level 2. HP: 10/12 MP: 6/6
  1570 | D:2      | Reached skill level 1 in Stealth
  1579 | D:2      | Found an opulent altar of Gozag.
  1585 | D:2      | Succumbed to an adder's poison

Skill      XL: |  1  2 |
---------------+-------+-----
Dodging        | 3 |  3.2
Stealth        | 1 |  1.1
Fighting       | |  1.2
Unarmed Combat | |  3.5
Spellcasting   | |  2.0
Transmutations | |  2.2

Action                   || total
-------------------------++-------
Melee: Unarmed           ||    56
       Headbutt          ||     3
       Bite              ||     2
 Cast: Beastly Appendage ||     7
 Stab: Sleeping          ||     1
Armor: Skin              ||    12
Dodge: Dodged            ||    97
